 Dungeon Crawl Stone Soup version 0.18-a0-1745-gffa9a88 (webtiles) character file.

1502 Gorice the Conjurer (level 8, -3/52 HPs)
             Began as a Demonspawn Air Elementalist on Apr 11, 2016.
             Was a Believer of Sif Muna.
             Slain by a killer bee (6 damage)
             ... on level 7 of the Dungeon.
             The game lasted 00:51:43 (7138 turns).

Gorice the Conjurer (Demonspawn Air Elementalist)   Turns: 7138, Time: 00:51:45

Health: -3/52      AC:  4    Str:  8    XL:     8   Next: 52%
Magic:  0/13       EV: 12    Int: 18    God:    Sif Muna [**....]
Gold:   258        SH:  0    Dex: 17    Spells: 4 memorised, 6 levels left

rFire  + . .     SeeInvis .     a - +0 whip (flame)
rCold  + . .     Gourm    .     F - +1 robe {rF+}
rNeg   . . .     Faith    .     (no shield)
rPois  +         Spirit   +     (helmet restricted)
rElec  .         Dismiss  .     (no cloak)
rCorr  .         Reflect  .     y - +0 pair of gloves
SustAt .         Harm     .     (no boots)
MR     .....                    A - amulet of regeneration
Stlth  ++++......               e - ring of protection from cold
                                v - ring of poison resistance

@: repel missiles, not resistant to hostile enchantments, stealthy
A: horns 2, thin skeletal structure 1, nightstalker 1, magic shield
a: Channel Energy, Renounce Religion


You were on level 7 of the Dungeon.
You worshipped Sif Muna.
Sif Muna was pleased with you.
You were hungry.

You visited 1 branch of the dungeon, and saw 7 of its levels.

You collected 258 gold pieces.

Inventory:

Hand Weapons
 a - a +0 whip of flaming (weapon)
   (You took it off Pikel on level 5 of the Dungeon)
 b - a +0 hunting sling
 f - a +0 dagger
 G - a +2 long sword of holy wrath
   (You found it on level 5 of the Dungeon)
Missiles
 j - 7 tomahawks (quivered)
 p - 2 poisoned tomahawks
 J - 17 poisoned needles
 K - 11 sling bullets
 Z - 205 stones
Armour
 y - a +0 pair of gloves (worn)
 D - a +0 buckler
 F - a +1 robe of fire resistance (worn)
   (You took it off Pikel on level 5 of the Dungeon)
Jewellery
 e - a ring of protection from cold (right hand)
 v - a ring of poison resistance (left hand)
 A - an amulet of regeneration (around neck)
Wands
 n - a wand of confusion (13/48)
 t - a wand of lightning (7/15)
Scrolls
 d - 2 scrolls of random uselessness
 i - a scroll of fog
 o - 3 scrolls of magic mapping {!r}
 B - 3 scrolls of remove curse
 C - 4 scrolls of identify
 I - a scroll of teleportation {!r}
Potions
 k - 2 potions of agility {!q}
 m - a potion of might {!q}
 q - 2 potions of curing
 w - 5 potions of invisibility {!q}
Books
 l - a book of Air
 z - a book of the Dragon
Comestibles
 c - 3 bread rations {!e}
 g - 2 meat rations {!e}
 h - a royal jelly
 r - 2 slices of pizza
 s - 2 chunks of flesh
 u - 5 fruits
 x - 2 beef jerkies


   Skills:
 - Level 1.7 Dodging
 - Level 1.7 Stealth
 + Level 3.7 Spellcasting
 + Level 7.1 Conjurations
 * Level 7.1 Air Magic


You had 6 spell levels left.
You knew the following spells:

 Your Spells              Type           Power        Failure   Level  Hunger
a - Shock                 Conj/Air       ####         1%          1    None
b - Static Discharge      Conj/Air       ####....     2%          3    ###....
M - Repel Missiles        Chrm/Air       ###...       8%          2    ##.....
S - Swiftness             Chrm/Air       ###.....     8%          2    ##.....


Dungeon Overview and Level Annotations

Branches:
Dungeon (7/15)
 Temple: D:4-7

Altars:
Fedhas
Qazlal
Sif Muna
Trog
Yredelemnul
Zin

Annotations:
D:3 pUX, Sagrath01's ghost, weakling DsGl; Sigmund; Terence


Innate Abilities, Weirdness & Mutations

You have a pair of horns on your head.
You have a somewhat thin skeletal structure (Dex +2, Stealth).
You are slightly more attuned to the shadows.
When hurt, damage is shared between your health and your magic reserves.


Message History

The killer bee stings you but does no damage. x2
You hit the killer bee. You burn the killer bee.
You kill the killer bee!
The killer bee stings you but does no damage.
You closely miss the killer bee.
Your transformation is almost over.
The killer bee stings you but does no damage. x2
You barely miss the killer bee.
The killer bee stings you but does no damage. x2
You miss the killer bee. The killer bee stings you.
* * * LOW HITPOINT WARNING * * *
The killer bee stings you but does no damage.
Damage: 2 (max 13) Unknown command.
You miss the killer bee.
The killer bee stings you but does no damage. x3
You barely miss the killer bee.
The killer bee stings you but does no damage. x2
You closely miss the killer bee.
The killer bee stings you but does no damage. x2
Casting: Shock
Confirm with . or Enter, or press ? or * to list all spells.
Aiming: Shock
Press: ? - help, Shift-Dir - straight line, f/p - killer bee
Aim: a killer bee (severely wounded)
The zap hits the killer bee.
The killer bee is moderately wounded.
The zap misses the killer bee.
The killer bee stings you but does no damage. x2
You closely miss the killer bee.
The killer bee is moderately wounded.
The killer bee stings you.
* * * LOW HITPOINT WARNING * * *
The killer bee stings you but does no damage.
Damage: 2 (max 13) Unknown command.
You hit the killer bee. You burn the killer bee.
The killer bee is heavily wounded.
The killer bee stings you but does no damage.
The killer bee stings you.
* * * LOW HITPOINT WARNING * * *
Some of the chunks of flesh in your inventory have rotted away.
Damage: 4 (max 13)
You closely miss the killer bee.
The killer bee is heavily wounded.
You feel less woody.
Your +0 pair of gloves unmelds from your body.
Your +1 robe of fire resistance unmelds from your body.
You feel resistant to fire. The killer bee stings you.
You die...

##..#.... ##..s.. #...#....
#.....## # #.......#..
#......#.#
#.........##..####........#
#.........................#
#....##...##..####........#
........#.##..####........#
....#.###.##....##........#
......#.........@yy...(...#
#.......#.##.#####s#........
.....####.[.....#†.#...##.##
##..## ####.##............
#...# ######.##.##....####
#.#.###............##..#
..#.##............## #.#
.##.#..............# .. ..#
#..............#


You could see 2 killer bees and a giant cockroach.

Vanquished Creatures
  Pikel (D:5)
  A phantom (D:7)
  A sky beast (D:6)
  A giant frog (D:6)
  A scorpion (D:7)
  4 killer bees (D:7)
  A gnoll shaman (D:4)
  A hound (D:4)
  2 giant frog skeletons (D:5)
  2 orc wizards
  Jessica (D:2)
  2 iguanas
  A worker ant (D:5)
  A worker ant zombie (D:5)
  Robin (D:2)
  4 gnolls
  13 adders
  A shadow imp (D:7)
  2 oozes
  An adder skeleton (D:4)
  An adder zombie (D:6)
  6 worms
  4 dart slugs
  2 giant geckos
  12 orcs
  5 bats
  3 giant cockroaches
  14 goblins
  8 hobgoblins
  16 jackals
  10 kobolds
  4 quokkas
  6 giant newts
  8 rats
141 creatures vanquished.

Notes
Turn   | Place    | Note
--------------------------------------------------------------
     0 | D:1      | Gorice the Demonspawn Air Elementalist began the quest for the Orb.
     0 | D:1      | Reached XP level 1. HP: 13/13 MP: 3/3
   232 | D:1      | Reached skill level 2 in Conjurations
   282 | D:1      | Gained mutation: You have a pair of small horns on your head. [demonic ancestry]
   282 | D:1      | Reached XP level 2. HP: 19/19 MP: 1/5
   856 | D:2      | Reached skill level 3 in Conjurations
   955 | D:1      | Gained mutation: You are slightly more attuned to the shadows. [demonic ancestry]
   955 | D:1      | Reached XP level 3. HP: 24/24 MP: 0/6
  1241 | D:2      | Noticed Robin
  1287 | D:2      | Killed Robin
  1287 | D:2      | Reached skill level 3 in Air Magic
  1400 | D:2      | Reached XP level 4. HP: 27/30 MP: 2/7
  1620 | D:2      | Noticed Jessica
  2451 | D:2      | Killed Jessica
  2451 | D:2      | Reached skill level 4 in Conjurations
  2451 | D:2      | Reached XP level 5. HP: 35/35 MP: 5/8
  2471 | D:2      | Learned a level 2 spell: Repel Missiles
  2474 | D:2      | Learned a level 2 spell: Swiftness
  2628 | D:3      | Noticed Sigmund
  2651 | D:3      | Noticed Sagrath01's ghost (weakling DsGl)
  2753 | D:3      | Noticed Terence
  2888 | D:3      | Found a glowing silver altar of Zin.
  2892 | D:3      | Found a blossoming altar of Fedhas.
  3878 | D:3      | Learned a level 3 spell: Static Discharge
  3887 | D:4      | Found a deep blue altar of Sif Muna.
  3907 | D:4      | Became a worshipper of Sif Muna the Loreminder
  4233 | D:4      | Reached skill level 4 in Air Magic
  4515 | D:5      | Entered Level 5 of the Dungeon
  4595 | D:5      | Gained mutation: You have a pair of horns on your head. [demonic ancestry]
  4595 | D:5      | Reached XP level 6. HP: 41/41 MP: 5/9
  4633 | D:5      | Noticed a sky beast
  4662 | D:4      | HP: 11/41 [gnoll/club (4)]
  4665 | D:4      | Reached skill level 5 in Conjurations
  4714 | D:5      | HP: 6/41 [gnoll/flail (11)]
  5104 | D:5      | Noticed a slave
  5104 | D:5      | Noticed a slave
  5122 | D:5      | Noticed a slave
  5369 | D:5      | Reached * piety under Sif Muna
  5369 | D:5      | Reached skill level 5 in Air Magic
  5445 | D:5      | Noticed Pikel
  5453 | D:5      | Killed Pikel
  5453 | D:5      | Reached skill level 6 in Conjurations
  5453 | D:5      | Gained mutation: You have a somewhat thin skeletal structure (Dex +2, Stealth). [demonic ancestry]
  5453 | D:5      | Reached XP level 7. HP: 46/46 MP: 8/11
  5498 | D:5      | Noticed a moth of wrath
  5501 | D:5      | Found a bloodstained altar of Trog.
  5873 | D:5      | Reached ** piety under Sif Muna
  6183 | D:6      | Reached skill level 6 in Air Magic
  6299 | D:6      | Reached skill level 3 in Spellcasting
  6299 | D:6      | Gained mutation: When hurt, damage is shared between your health and your magic reserves. [demonic ancestry]
  6299 | D:6      | Reached XP level 8. HP: 28/52 MP: 12/12
  6619 | D:6      | Found a stormy altar of Qazlal.
  6636 | D:6      | Found a basalt altar of Yredelemnul.
  7079 | D:7      | Reached skill level 7 in Conjurations
  7106 | D:7      | HP: 13/52 [killer bee (5)]
  7112 | D:7      | HP: 20/78 [killer bee (4)]
  7117 | D:7      | Reached skill level 7 in Air Magic
  7120 | D:7      | HP: 14/78 [killer bee (2)]
  7126 | D:7      | HP: 8/78 [killer bee (2)]
  7131 | D:7      | HP: 9/78 [killer bee (3)]
  7136 | D:7      | HP: 9/78 [killer bee (3)]
  7138 | D:7      | Slain by a killer bee

Vault maps used:
D:1:      minmay_arrival_open_corners
D:2:      minivault_25, uniq_jessica, uniq_robin
D:3:      grunt_temple_overflow_open, first_bread, fedhas_altar_1, uniq_terence,
          uniq_grinder, uniq_sigmund
D:4:      lemuel_crystal_altar
D:5:      grunt_ministairs_9, minivault_1, tgw_trog, uniq_pikel
D:6:      yredelemnul_altar_generic, lemuel_doored_altar, amethyst_killhole
D:7:      nicolae_overflow_crystal_walls, temple_green

Skill      XL: |  1  2  3  4  5  6  7  8 |
---------------+-------------------------+-----
Conjurations   | 2 3 4 6 7 |  7.1
Air Magic      | 3 4 5 6 7 |  7.1
Spellcasting   | 3 |  3.7
Dodging        | |  1.7
Stealth        | |  1.7

Action                   |  1- 3 |  4- 6 |  7- 9 || total
-------------------------+-------+-------+-------++-------
Melee: Short sword       |     9 |    48 |       ||    57
       Dagger            |       |    12 |       ||    12
       Whip              |       |       |   115 ||   115
Throw: Tomahawk          |     3 |     3 |    19 ||    25
 Cast: Shock             |    63 |   159 |    38 ||   260
       Repel Missiles    |       |     1 |       ||     1
       Static Discharge  |       |     5 |     3 ||     8
Evoke: Wand              |       |     5 |     2 ||     7
  Use: Scroll            |     2 |    13 |     3 ||    18
       Potion            |     1 |     3 |     1 ||     5
 Stab: Distracted        |       |     1 |       ||     1
  Eat: Chunk             |     2 |    16 |     5 ||    23

Table legend:
 A = Turns spent in this place as a percentage of turns spent in the entire game.
 B = Non-inter-level travel turns spent in this place as a percentage of non-inter-level travel turns spent in the entire game.
 C = Inter-level travel turns spent in this place as a percentage of turns spent in this place.
 D = Turns resting spent in this place as a percentage of non-inter-level travel turns spent in this place.
 E = Turns spent auto-exploring this place as a percentage of non-inter-level travel turns spent in this place.
 F = Non-inter-level travel turns spent in this place divided by the number of levels of this place that you've seen.
                   A       B       C       D       E      F
               +-------+-------+-------+-------+-------+----------------------
         Total | 100.0 | 100.0 |   0.6 |   4.9 |   4.6 | 417.1
       Dungeon | 100.0 | 100.0 |   0.6 |   4.9 |   4.6 | 417.1
               +-------+-------+-------+-------+-------+----------------------

Vault maps used:
D:1:      minmay_arrival_open_corners
D:2:      minivault_25, uniq_jessica, uniq_robin
D:3:      grunt_temple_overflow_open, first_bread, fedhas_altar_1, uniq_terence,
          uniq_grinder, uniq_sigmund
D:4:      lemuel_crystal_altar
D:5:      grunt_ministairs_9, minivault_1, tgw_trog, uniq_pikel
D:6:      yredelemnul_altar_generic, lemuel_doored_altar, amethyst_killhole
D:7:      nicolae_overflow_crystal_walls, temple_green
